Map: [ESL] Stargazers

Players

ByuN

  • Race: Terran Terran
  • Spawn Location: 1:00

Zoun - Winner!

  • Race: Protoss Protoss
  • Spawn Location: 11:00

Event: DreamHack SC2 Masters 2022 Atlanta (Offline)

VOD

Have the link to the VOD?

Description

Time

  • Played on: Nov. 19, 2022, 10:03 a.m.
  • Length: 15:30

All games in this series

Show
View Real Time Build Order
Export as new Build Order

ByuN Terran 

Build Orders: Reaper Expand 

Get SALT Encoding   

  12  0:00  SCV  
  13  0:12  SCV  
  14  0:16  Supply Depot  
  14  0:24  SCV  
  15  0:38  SCV  
  15  0:40  Barracks  
  16  0:43  Refinery  
  16  0:50  SCV  
  17  1:02  SCV  
  18  1:14  SCV  
  19  1:26  Reaper  
  19  1:29  Orbital Command  
  20  1:39  Command Center  
  20  1:51  Barracks  
  20  1:54  SCV  
  20  1:59  Barracks Reactor  
  21  2:04  Supply Depot  
  21  2:06  SCV  
  22  2:18  SCV  
  22  2:19  Barracks  
  23  2:30  SCV  
  23  2:36  Marine x2  
  26  2:39  Barracks Tech Lab  
  26  2:42  SCV  
  27  2:51  Orbital Command  
  27  2:54  SCV, Marine x2  
  30  2:58  Marine  
  30  2:59  Stimpack  
  30  3:01  Orbital Command  
  31  3:07  SCV, Barracks Tech Lab  
  31  3:11  Marine x2  
  34  3:15  Supply Depot  
  34  3:19  SCV  
  35  3:21  Marine  
  35  3:26  Marine  
  37  3:29  SCV, Marine x2  
  37  3:31  Combat Shield  
  37  3:34  SCV  
  40  3:41  SCV  
  41  3:42  Supply Depot  
  41  3:43  Marine  
  41  3:44  Marine  
  41  3:46  SCV  
  41  3:47  Marine x2  
  46  3:53  SCV  
  46  3:58  SCV  
  46  3:59  Engineering Bay  
  47  4:04  Marine x2  
  47  4:05  SCV  
  47  4:06  Supply Depot  
  47  4:08  Marine x2  
  52  4:10  SCV  
  52  4:14  Factory  
  53  4:18  Refinery, SCV  
  53  4:22  SCV, Marine  
  55  4:26  Marine  
  55  4:27  Marine  
  55  4:30  SCV, Missile Turret, Marine  
  59  4:34  SCV  
  59  4:40  Marine  
  59  4:42  SCV  
  59  4:44  Marine x2  
  62  4:46  SCV  
  62  4:48  Marine  
  62  4:49  Supply Depot  
  64  4:53  Refinery  
  64  4:54  SCV, Terran Infantry Weapons Level 1  
  64  4:58  SCV, Marine  
  65  5:02  Marine x2  
  65  5:06  SCV, Factory Reactor  
  66  5:07  Starport  
  66  5:10  SCV  
  65  5:15  Marauder  
  65  5:16  Missile Turret  
  65  5:19  SCV  
  68  5:22  SCV  
  68  5:24  Supply Depot  
  68  5:28  Marauder, Marine x2  
  68  5:31  SCV  
  68  5:35  SCV  
  67  5:37  Marauder  
  67  5:39  Refinery  
  67  5:42  Concussive Shells  
  66  5:45  SCV  
  66  5:46  Marine  
  66  5:47  SCV  
  71  5:50  Marauder  
  71  5:53  Supply Depot x2  
  73  5:57  Factory Reactor  
  73  5:58  Marauder  
  73  5:59  Marine  
  73  6:01  Medivac  
  73  6:02  Medivac  
  78  6:04  Marine  
  78  6:09  Command Center, SCV x2  
  81  6:15  Marauder  
  80  6:19  Marine x2  
  82  6:30  SCV x2  
  82  6:31  Barracks, Medivac  
  82  6:32  Barracks  
  84  6:35  Widow Mine  
  84  6:36  Widow Mine  
  84  6:37  Medivac  
  90  6:43  SCV x2  
  90  6:44  Marine x2  
  93  6:53  Marauder  
  94  6:56  Supply Depot  
  94  6:57  Marauder  
  94  7:02  Supply Depot x2  
  94  7:05  SCV  
  94  7:06  SCV  
  93  7:13  Medivac, Marine  
  93  7:14  Marine  
  93  7:17  SCV, Medivac  
  93  7:18  SCV, Widow Mine, Marauder  
  93  7:20  Barracks Reactor  
  101  7:23  Barracks Tech Lab  
  101  7:24  Marauder  
  101  7:29  SCV  
  104  7:30  SCV  
  97  7:41  SCV  
  97  7:42  SCV, Terran Infantry Armor Level 1  
  99  7:45  Orbital Command  
  99  7:46  Marauder x3  
  99  7:51  Marine x2  
  106  7:54  SCV x2  
  109  8:02  Missile Turret, Armory  
  109  8:03  Supply Depot  
  109  8:05  Engineering Bay, Widow Mine  
  111  8:06  SCV x2  
  111  8:07  Widow Mine  
  119  8:13  Marauder x2  
  119  8:14  Marine x2  
  119  8:16  SCV  
  119  8:18  SCV x2  
  124  8:21  Marine  
  124  8:22  Supply Depot, Marine  
  126  8:28  SCV  
  126  8:30  Refinery  
  126  8:31  Refinery  
  126  8:33  Ghost Academy  
  133  8:34  Marauder x3  
  133  8:36  Marine x2  
  133  8:38  SCV  
  133  8:39  SCV  
  133  8:40  SCV  
  138  8:45  Supply Depot  
  138  8:47  Supply Depot x2  
  138  8:50  Terran Infantry Weapons Level 2  
  138  8:54  Marine x3  
  141  8:57  Marauder x2  
  145  9:04  Enhanced Shockwaves  
  145  9:06  Supply Depot x2  
  145  9:12  Marine x2  
  145  9:13  Marine x2  
  149  9:18  SCV x3  
  152  9:26  Ghost x3  
  158  9:39  Command Center  
  158  9:41  Marine x4  
  158  9:44  SCV  
  161  9:45  SCV x2  
  153  9:56  SCV  
  153  9:57  SCV x2  
  153  9:59  Marauder x2  
  156  10:09  SCV x2  
  156  10:10  SCV  
  158  10:17  Ghost  
  158  10:18  Marine x3  
  158  10:20  Ghost  
  158  10:21  SCV  
  165  10:22  SCV x2  
  165  10:26  Terran Infantry Armor Level 2  
  166  10:29  Marauder  
  166  10:31  Marine  
  166  10:33  SCV  
  170  10:35  Marine  
  170  10:37  SCV x2  
  173  10:45  SCV  
  173  10:46  Marauder  
  176  10:51  SCV  
  176  10:52  Marauder x2  
  176  10:53  Medivac x2  
  179  10:58  SCV  
  179  11:05  Widow Mine x2  
  179  11:07  Marauder  
  182  11:12  Marine  
  182  11:13  Marauder, Marine  
  182  11:14  Marine x2  
  186  11:22  Terran Infantry Weapons Level 3  
  186  11:23  Medivac  
  186  11:24  Command Center  
  188  11:26  SCV  
  188  11:28  SCV, Medivac, Widow Mine x2  
  188  11:29  Supply Depot  
  196  11:43  Marine x2  
  196  11:46  Marauder  
  196  11:50  Marauder  
  196  11:51  Marauder  
  196  11:53  SCV, Medivac  
  192  11:57  Marine  
  192  11:58  Medivac  
  180  12:07  Widow Mine x2, Ghost  
  186  12:10  Ghost  
  186  12:12  SCV x3, Marauder  
  191  12:23  Medivac  
  191  12:28  Medivac, Widow Mine  
  191  12:29  Widow Mine  
  199  12:33  Ghost  
  199  12:38  Marine  
  196  12:50  Widow Mine x2  
  187  12:53  Medivac  
  187  12:54  Planetary Fortress  
  187  12:58  Supply Depot, Medivac  
  191  13:05  Command Center  
  187  13:11  Widow Mine x2  
  185  13:19  Marauder  
  183  13:23  Medivac, Marauder x2  
  183  13:25  Marine x2  
  187  13:27  Barracks  
  187  13:28  Barracks x2, Medivac  
  187  13:31  Marine x2  
  187  13:33  Widow Mine x2  
  178  13:35  SCV x2  
  178  13:40  Marauder  
  176  13:42  SCV  
  176  13:43  Marine x2, Ghost  
  181  13:53  Medivac  
  181  13:54  Widow Mine x2  
  187  13:57  Marauder  
  187  13:58  Medivac  
  187  14:02  Marauder  
  188  14:05  Command Center  
  188  14:08  Marine x2  
  190  14:12  Marauder  
  190  14:15  Barracks Reactor, Barracks Tech Lab x2  
  186  14:18  Marauder  
  186  14:20  Sensor Tower  
  186  14:23  Viking, Marauder  
  192  14:28  Viking  
  189  14:34  Marauder  
  189  14:35  Marauder x2  
  173  14:40  Marauder  
  173  14:43  Widow Mine  
  173  14:44  Marauder  
  173  14:47  SCV  
  159  14:53  SCV x2, Medivac  
  159  14:55  Marauder  
  159  14:56  Marauder x2  
  159  14:58  Viking  
  172  15:00  SCV  
  172  15:01  Marauder  
  172  15:03  Marine x2  
  172  15:04  Marine  
  172  15:06  Marauder  
Show
View Real Time Build Order
Export as new Build Order

Zoun Protoss - Winner!

Build Orders: 1 Gate Expand, Oracle Opening, Blink Stalkers 

Get SALT Encoding   

  12  0:00  Probe  
  13  0:12  Probe  
  14  0:17  Pylon  
  14  0:24  Probe (Chrono Boost)  
  15  0:36  Probe (Chrono Boost)  
  15  0:37  Gateway  
  16  0:44  Probe (Chrono Boost)  
  16  0:46  Assimilator  
  17  0:51  Probe  
  18  1:03  Probe  
  19  1:15  Probe  
  20  1:24  Cybernetics Core  
  20  1:33  Nexus  
  20  1:37  Probe  
  21  1:43  Pylon  
  21  1:49  Probe  
  21  1:51  Assimilator  
  22  1:58  Adept (Chrono Boost)  
  25  2:01  Probe  
  25  2:13  Probe  
  26  2:21  Stargate  
  26  2:24  Adept  
  26  2:26  Probe  
  29  2:33  Warp Gate  
  29  2:38  Probe (Chrono Boost)  
  30  2:47  Probe (Chrono Boost)  
  30  2:50  Probe (Chrono Boost)  
  32  2:54  Adept  
  32  2:57  Probe (Chrono Boost)  
  35  2:59  Probe (Chrono Boost)  
  35  3:03  Oracle (Chrono Boost)  
  36  3:06  Gateway  
  39  3:15  Probe x2  
  41  3:24  Twilight Council  
  41  3:27  Probe x2, Pylon  
  43  3:39  Probe  
  43  3:40  Probe  
  45  3:46  Gateway  
  45  3:51  Probe  
  45  3:52  Probe, Blink (Chrono Boost)  
  47  4:00  Pylon  
  47  4:03  Probe  
  47  4:04  Shield Battery, Probe  
  47  4:07  Assimilator, Pylon  
  49  4:15  Probe  
  49  4:16  Pylon  
  50  4:27  Stalker x2  
  50  4:28  Gateway  
  50  4:31  Probe x2  
  56  4:46  Stalker  
  56  4:48  Shield Battery  
  56  4:51  Stalker  
  56  4:52  Stalker  
  54  5:09  Sentry  
  54  5:16  Stalker x2  
  54  5:20  Nexus  
  58  5:27  Stalker  
  56  5:36  Stalker  
  56  5:37  Probe  
  56  5:38  Probe  
  56  5:39  Assimilator  
  56  5:40  Stalker x2  
  56  5:41  Robotics Facility  
  64  5:47  Pylon  
  65  5:50  Probe x2, Stalker  
  65  5:52  Forge  
  68  5:59  Phoenix, Stalker  
  68  6:02  Probe x2  
  72  6:07  Stalker x2  
  76  6:14  Probe x2  
  73  6:20  Stalker  
  73  6:25  Stalker  
  75  6:26  Probe  
  75  6:28  Probe  
  75  6:29  Robotics Bay  
  75  6:32  Probe  
  78  6:38  Probe  
  79  6:40  Probe  
  79  6:44  Probe, Stalker x2  
  79  6:46  Stalker  
  87  6:50  Probe  
  87  6:52  Probe  
  89  6:56  Probe  
  89  6:58  Stalker  
  92  7:02  Shield Battery, Probe  
  92  7:04  Probe  
  92  7:06  Charge  
  94  7:09  Probe  
  94  7:14  Probe  
  90  7:16  Probe  
  90  7:18  Colossus (Chrono Boost)  
  97  7:23  Extended Thermal Lance (Chrono Boost), Gateway  
  97  7:26  Gateway x2  
  97  7:29  Gateway  
  95  7:38  Protoss Ground Weapons Level 1 (Chrono Boost)  
  95  7:42  Zealot x3  
  101  7:45  Pylon  
  101  7:46  Pylon  
  101  7:48  Pylon  
  101  7:52  Nexus  
  101  7:54  Gateway  
  101  7:59  Colossus (Chrono Boost)  
  107  8:06  Pylon  
  107  8:07  Zealot x3, Sentry  
  115  8:13  Pylon  
  115  8:19  Gateway  
  115  8:22  Gateway  
  115  8:25  Pylon  
  113  8:27  Zealot x3, Pylon  
  113  8:32  Probe x2  
  113  8:33  Probe  
  122  8:37  Pylon  
  122  8:39  Zealot x2, Sentry  
  128  8:42  Observer (Chrono Boost)  
  128  8:43  Robotics Facility  
  127  9:02  Observer  
  127  9:03  Zealot x4  
  127  9:04  Zealot  
  137  9:11  Shield Battery, Colossus (Chrono Boost)  
  137  9:14  Photon Cannon  
  143  9:20  Shield Battery, Zealot x3  
  143  9:21  Zealot  
  147  9:31  Zealot x5  
  151  9:35  Disruptor (Chrono Boost)  
  151  9:36  Protoss Ground Armor Level 1 (Chrono Boost)  
  160  9:52  Forge  
  158  9:55  Disruptor (Chrono Boost)  
  157  10:00  Zealot x8  
  157  10:02  Pylon  
  157  10:03  Pylon  
  171  10:09  Disruptor  
  171  10:23  Disruptor, Pylon  
  170  10:37  Nexus  
  170  10:41  Zealot x6  
  182  10:45  Disruptor (Chrono Boost)  
  175  10:59  Disruptor (Chrono Boost)  
  170  11:04  Zealot x5  
  166  11:17  Disruptor (Chrono Boost)  
  162  11:21  Pylon  
  162  11:23  Pylon  
  163  11:29  Disruptor (Chrono Boost), Stalker x3  
  163  11:30  Zealot x4  
  180  11:33  Pylon  
  179  11:46  Disruptor (Chrono Boost), Zealot x2  
  184  11:52  Stalker x4  
  178  12:00  Stalker x2  
  181  12:01  Observer (Chrono Boost)  
  181  12:05  Zealot  
  183  12:11  Shield Battery  
  183  12:15  Photon Cannon x2  
  183  12:17  Warp Prism (Chrono Boost)  
  183  12:18  Photon Cannon  
  183  12:22  Zealot x6  
  195  12:25  Assimilator  
  195  12:28  Assimilator  
  195  12:35  Zealot x3  
  174  12:53  Stalker  
  174  12:54  Nexus, Stalker x5  
  174  12:56  Protoss Ground Armor Level 2 (Chrono Boost), Zealot x2  
  174  12:57  Zealot  
  192  13:02  Protoss Ground Weapons Level 2 (Chrono Boost)  
  184  13:22  Zealot x5  
  184  13:24  Stalker x3  
  197  13:34  Observer x2  
  195  13:48  Dark Shrine  
  195  13:49  Assimilator  
  195  13:50  Assimilator  
  195  13:54  Warp Prism  
  197  14:10  Probe x2  
  197  14:14  Probe  
  197  14:15  Probe  
  197  14:22  Probe  
  180  14:43  Stalker x7  
  167  14:54  Probe x3  
  164  15:01  Zealot x2  
  164  15:02  Zealot  
  164  15:05  Probe  
  164  15:06  Probe  
  168  15:08  Zealot x7  
Tags
 
Add a new tag
Caveats
  • Supply blocks, unpowered buildings, or Contaminate may cause inaccurate times.
  • Supply counts are checked every 10 seconds.